 Dungeon Crawl Stone Soup version 0.24.0-37-gcf1ca852f1 (webtiles) character file.

Game seed: 6475056165650441018, levelgen mode: deterministic

25 Kobolds4U the Conjurer (level 2, -8/15 HPs)
             Began as a Deep Elf Conjurer on Dec 3, 2019.
             Mangled by a worm (10 damage)
             ... on level 1 of the Dungeon.
             The game lasted 00:03:02 (1123 turns).

Kobolds4U the Conjurer (Deep Elf Conjurer)          Turns: 1123, Time: 00:03:03

Health: -8/15      AC:  2    Str:  5    XL:     2   Next: 82%
Magic:  9/9        EV: 13    Int: 19    God:
Gold:   84         SH:  0    Dex: 15    Spells: 6/9 levels left

rFire    . . .     SeeInvis .   g - +0 dagger (venom)
rCold    . . .     Gourm    .   (no shield)
rNeg     + . .     Faith    .   a - +0 robe
rPois    .         Spirit   .   (no helmet)
rElec    .         Reflect  .   (no cloak)
rCorr    .         Harm     .   (no gloves)
MR       .....                  (no boots)
Stlth    ++........             (no amulet)
HPRegen  0.05/turn              b - ring of positive energy
MPRegen  0.11/turn              (no ring)

@: no status effects
A: no striking features
a: no special abilities


You were on level 1 of the Dungeon.
You were not hungry.

You visited 1 branch of the dungeon, and saw 2 of its levels.

You collected 84 gold pieces.

Inventory:

Hand Weapons
 f - a +0 short sword
 g - a +0 dagger of venom (weapon)
Armour
 a - a +0 robe (worn)
Jewellery
 b - a ring of positive energy (left hand)
Scrolls
 e - a scroll of enchant armour {unknown}
 h - a scroll of amnesia {unknown}
 j - a scroll of teleportation {unknown}
Potions
 i - a potion of ambrosia {unknown}
Comestibles
 c - 2 rations
 d - 2 chunks of flesh


   Skills:
 * Level 0.2 Fighting
 - Level 2.4 Dodging
 - Level 2.4 Stealth
 - Level 4.1 Spellcasting
 + Level 4.7 Conjurations


You had 6 spell levels left.
You knew the following spells:

 Your Spells              Type           Power        Failure   Level  Hunger
a - Magic Dart            Conj           ###.         1%          1    None
b - Searing Ray           Conj           ###...       3%          2    ##.....

Your spell library contained the following spells:

 Spells                   Type           Power        Failure   Level  Hunger
 Dazzling Spray           Conj/Hex       ##....       16%         3    ###....
 Iskenderun's Mystic Bla  Conj           ###.....     19%         4    ####...
 Force Lance              Conj/Tloc      ##......     45%         4    ####...
 Fulminant Prism          Conj/Hex       ##........   45%         4    ####...


Dungeon Overview and Level Annotations

Branches:
Dungeon (2/15)

Altars:


Message History

The rat barely misses you. x2; The worm bites you.
The rat bites you.
There is a stone staircase leading up here.
The hobgoblin hits you but does no damage.
The rat barely misses you. The rat bites you. The rat barely misses you.
The worm barely misses you.
You climb upwards.
There is a stone staircase leading down here.
You hit the worm.
The worm is poisoned.
The worm is lightly wounded.
The rat barely misses you. x2; The hobgoblin barely misses you.
The rat barely misses you.
You hit the worm.
The worm looks as sick as possible!
The worm is moderately wounded.
The rat bites you. x2; The hobgoblin hits you.
* * * LOW HITPOINT WARNING * * *
The rat bites you.
* * * LOW HITPOINT WARNING * * *
The worm bites you!
Ouch! That really hurt!
You die...

####.# #....# ###.######.##.#
#.............#
#.#.######.###################
##.#...#.#..##.........(....(.#
.#.#.#.#.....#.####.........#.#
##.###.#.....#.#...#.######.#.#
.).....#..#..#.grr...## #.#.#
...............r@####.# #.#.#
#########.#....#w# #.#####.#.#
#.#..#.#.# #.......#.# ###
#.#.##.#.# #.#####.#.#
..#######.#.#..#.# #.# ###.#
..'..............# #.# #.#
..#######.#.#.#..# #.# #.# ..#
#.#.#....# #.# #.# ..#
#.#.###..####.### #.#


You could see a worm, a hobgoblin and 3 rats.

Vanquished Creatures
  A dart slug (D:1)
  A leopard gecko (D:1)
  5 goblins (D:1)
  5 hobgoblins (D:1)
  3 bats (D:1)
  3 frilled lizards (D:1)
  4 rats (D:1)
22 creatures vanquished.

Notes
Turn   | Place    | Note
-------+----------+-------------------------------------------
     0 | D:1      | Kobolds4U the Deep Elf Conjurer began the quest for the
                  | Orb.
     0 | D:1      | Reached XP level 1. HP: 10/10 MP: 6/6
   221 | D:1      | Reached XP level 2. HP: 15/15 MP: 5/8
   227 | D:1      | Learned a level 2 spell: Searing Ray
  1123 | D:1      | Mangled by a worm

Levels and vault maps discovered:
D:1:      dpeg_arrival_simpleton_b, layout_basic
D:2:      layout_basic, chequers_ecumenical_altar_simple_redux,
          minmay_three_crescents

Skill      XL: |  1  2 |
---------------+-------+-----
Spellcasting   | 4 |  4.1
Fighting       | |  0.2
Dodging        | |  2.4
Stealth        | |  2.4
Conjurations   | |  4.7

Action                   || total
-------------------------++-------
Melee: Short sword       ||     4
       Dagger            ||     3
 Cast: Magic Dart        ||    37
  Use: Potion            ||     2
       Scroll            ||     1
 Stab: Sleeping          ||     2
Armor: Robe              ||     1
Dodge: Dodged            ||    15
